 Dungeon Crawl Stone Soup version 0.20.2-3-g29329e0561 (webtiles) character file.

73 Alfie the Shooter (level 4, -4/37 HPs)
             Began as a Minotaur Hunter on June 30, 2020.
             Slain by a river rat (7 damage)
             ... on level 3 of the Dungeon.
             The game lasted 00:03:05 (936 turns).

Alfie the Shooter (Minotaur Hunter)                  Turns: 936, Time: 00:03:05

Health: -4/37      AC:  3    Str: 17    XL:     4   Next: 8%
Magic:  3/3        EV: 12    Int:  8    God:
Gold:   73         SH:  0    Dex: 11    Spells: 3/3 levels left

rFire    . . .     SeeInvis .   b - +0 short sword
rCold    . . .     Gourm    .   (no shield)
rNeg     . . .     Faith    .   c - +0 leather armour
rPois    .         Spirit   .   (helmet restricted)
rElec    .         Reflect  .   (no cloak)
rCorr    .         Harm     .   (no gloves)
MR       .....                  (no boots)
Stlth    +.........             (no amulet)
Regen    0.2/turn               (no ring)
MPRegen  0.1/turn               (no ring)

@: flying, hasted, very quick
A: retaliatory headbutt, horns 2
a: no special abilities


You were on level 3 of the Dungeon.
You were not hungry.

You visited 1 branch of the dungeon, and saw 3 of its levels.

You collected 73 gold pieces.

Inventory:

Hand Weapons
 a - a +1 shortbow
 b - a +0 short sword (weapon)
Missiles
 d - 9 arrows
Armour
 c - a +0 leather armour (worn)
Scrolls
 e - a scroll of magic mapping {unknown}
 g - 2 scrolls of identify {unknown}
 j - a scroll of fear {unknown}
 l - a scroll of blinking {unknown}
Comestibles
 f - 2 bread rations
 i - 2 royal jellies


   Skills:
 + Level 2.8 Fighting
 + Level 0.2 Short Blades
 + Level 5.5 Bows
 + Level 1.4 Armour
 + Level 2.5 Dodging
 + Level 0.7 Stealth


You had 3 spell levels left.
You didn't know any spells.

Dungeon Overview and Level Annotations

Branches:
Dungeon (3/15)

Altars:

Portals:
Sewer: D:3


Innate Abilities, Weirdness & Mutations

You reflexively headbutt those who attack you in melee.
You have a pair of horns on your head.


Message History

You hit the river rat but do no damage.
The river rat is heavily wounded.
The ball python barely misses you. x2; The rat bites you but does no damage.
The river rat bites you.
* * * LOW HITPOINT WARNING * * *
The ball python bites you but does no damage.
The ball python barely misses you.
It was a potion of haste.
You feel yourself speed up. The rat closely misses you.
The river rat barely misses you. The ball python barely misses you.
The ball python closely misses you.
It was a potion of flight.
You feel very buoyant.
You fly up into the air.
The rat closely misses you. The ball python barely misses you.
The ball python grabs you. The ball python constricts you.
The river rat closely misses you.
You escape the ball python's grasp.
You closely miss the rat. The river rat barely misses you.
The ball python closely misses you. x2
You barely miss the rat. Your headbutt misses the rat. The river rat bites you!
You die...

#..........#
#..........#
#....≈≈≈...#
##...≈≈≈≈≈..#
.....≈≈∩≈≈..#
#...≈≈≈≈≈..##
#...≈rS....#
#....r@....#
#..........#
###.#
#.....###.#.#
..... ......#
#...### ###..
###.## #.....#
.##.## #.
#.....########
..... .
#.............
##.# #
#.....#######.
###.# #.....#


You could see a river rat, a ball python and a rat.

Vanquished Creatures
  A worker ant (D:3)
  An adder (D:3)
  A river rat (D:3)
  A dart slug (D:1)
  A leopard gecko (D:1)
  5 bats
  5 goblins
  4 hobgoblins
  3 frilled lizards
  3 kobolds
  3 rats
28 creatures vanquished.

Notes
Turn   | Place    | Note
-------+----------+-------------------------------------------
     0 | D:1      | Alfie the Minotaur Hunter began the quest for the Orb.
     0 | D:1      | Reached XP level 1. HP: 18/18 MP: 0/0
   161 | D:1      | Reached XP level 2. HP: 23/25 MP: 1/1
   682 | D:2      | Reached skill level 5 in Bows
   739 | D:3      | Reached XP level 3. HP: 16/30 MP: 2/2
   816 | D:3      | Reached skill level 1 in Armour
   916 | D:3      | Found a glowing drain.
   926 | D:3      | Reached XP level 4. HP: 23/37 MP: 3/3
   936 | D:3      | Slain by a river rat

Skill      XL: |  1  2  3 |
---------------+----------+-----
Bows           | 5 |  5.5
Armour         | 1 |  1.4
Fighting       | |  2.8
Short Blades   | |  0.2
Dodging        | |  2.5
Stealth        | |  0.7

Action                   |  1- 3 |  4- 6 || total
-------------------------+-------+-------++-------
Melee: Short sword       |    21 |     6 ||    27
       Headbutt          |     4 |     1 ||     5
 Fire: Shortbow          |    57 |       ||    57
  Use: Potion            |       |     2 ||     2
Armor: Leather armour    |    17 |     3 ||    20
Dodge: Dodged            |    39 |    18 ||    57
